 Dungeon Crawl Stone Soup version 0.31.0-11-ge490571c62 (webtiles) character file.

Game seed: 16017459187281107091

197 Xavori the Slasher (level 6, 0/39 (46) HPs)
             Began as a Djinni Chaos Knight on Jan 26, 2024.
             Was a Plaything of Xom.
             Slain by a scorpion (4 damage)
             ... on level 4 of the Dungeon.
             The game lasted 00:02:22 (6939 turns).

Xavori the Slasher (Djinni Chaos Knight)            Turns: 6939, Time: 00:02:23

HP:   0/39 (46)     AC:  5    Str:  9    XL:     6   Next: 5%
Gold: 193           EV: 12    Int: 10    God:    Xom [....*.] SH:  0 Dex: 22

rFire   + + .        a - +0 falchion (chaos)
rCold   x . .        (no shield)
rNeg    . . .        b - +2 leather armour
rPois   ∞            (helmet restricted)
rElec   .            (no cloak)
rCorr   .            (no gloves)
SInv    .            (boots unavailable)
Will    .....        (no amulet)
Stlth   +++          (no ring)
HPRegen 0.26/turn    (no ring)
MPRegen 0.00/turn

%: infuse magic (-1 HP)
@: flying, heavily drained
A: sickness immunity, fire resistance 2, cold vulnerability 1, float, innate
caster, HP casting, extra vitality 1, claws 1, horns 2, camouflage 1, agile 2,
dopey 1, wild magic 1, MP-powered wands
a: Renounce Religion


You were on level 4 of the Dungeon.
You worshipped Xom.
You were a beloved toy of Xom.
You visited 1 branch of the dungeon, and saw 4 of its levels.

You collected 193 gold pieces.

Inventory:

Hand Weapons
 a - a +0 falchion of chaos (weapon)
Armour
 b - a +2 leather armour (worn)
Scrolls
 c - a scroll of butterflies
 d - 2 scrolls of enchant armour {unknown}
 e - a scroll of summoning {unknown}
 f - 2 scrolls of vulnerability {unknown}
 g - a scroll of revelation {unknown}
 j - 3 scrolls of identify {unknown}
 l - a scroll of immolation {unknown}
 m - a scroll of enchant weapon {unknown}
Potions
 h - a potion of lignification {unknown}
 k - a potion of curing {unknown}
 n - a potion of haste {unknown}
Miscellaneous
 i - a box of beasts (inert)


   Skills:
 + Level 3.2 Fighting
 + Level 3.7 Long Blades
 + Level 3.0 Armour
 + Level 2.5 Dodging
 * Level 1.1 Spellcasting
 * Level 1.1 Conjurations
 * Level 1.1 Hexes
 * Level 1.1 Summonings
 * Level 1.1 Necromancy
 * Level 1.1 Translocations
 * Level 1.1 Fire Magic
 * Level 1.1 Ice Magic
 * Level 1.1 Air Magic
 * Level 1.1 Earth Magic
 * Level 1.1 Alchemy
 * Level 1.5 Evocations


You knew the following spells:

 Your Spells              Type           Power      Damage    Failure   Level
a - Freeze                Ice            12%        1d3       38%         1
b - Scorch                Fire           6%         2d5       50%         2
Your spell library was empty.

Dungeon Overview and Level Annotations

Branches:
Dungeon (4/15)
 Temple: D:4-7

Altars:
Xom


Innate Abilities, Weirdness & Mutations

You are immune to sickness and miasma.
You are immune to poison.
Your flesh is very heat resistant. (rF++)
You are vulnerable to cold. (rC-)
You float through the air rather than walking.
You learn spells naturally, not from books.
Your magical power is your life essence.
You have superior vitality. (+4 MHP)
You have sharp fingernails.
You have a pair of horns on your head.
Your skin changes colour to match your surroundings (Stealth+).
You are very agile. (Dex +8, Str/Int -2)
You are dopey. (Int -2)
Your spells are a little harder to cast, but a little more powerful.
You expend health (3 HP) to strengthen your wands.


Message History

Found a dagger.
You see here a +0 dagger.
You now have 193 gold pieces (gained 14). "Suffer!"
You feel drained.
A jelly comes into view.
A jelly is nearby!
A jelly is nearby!
A ball python and a goblin come into view.
The goblin shouts!
The ball python hisses angrily.
The jelly quivers.
A scorpion comes into view.
You hit the jelly. You freeze the jelly.
Your claws burn!
The jelly is lightly wounded.
The ball python bites you but does no damage.
The ball python grabs you. The ball python constricts you.
The jelly closely misses you.
You closely miss the ball python. The ball python completely misses you.
The ball python constricts you. The jelly hits you but does no damage.
The ball python bites you but does no damage.
The ball python constricts you.
You slash the ball python!
You kill the ball python!
The scorpion stings you. The jelly closely misses you. The scorpion stings you.
You hit the jelly.
Your claws burn!
The jelly is moderately wounded.
The goblin hits you but does no damage. The jelly hits you but does no damage.
The scorpion barely misses you. The jelly hits you but does no damage.
The goblin hits you with a +0 club.
You hit the jelly. You drain the jelly.
Your claws burn!
The jelly is severely wounded.
The scorpion stings you!
A ribbon worm comes into view.
The goblin hits you with a +0 club. The jelly hits you.
You are splashed with acid!
* * * LOW HITPOINT WARNING * * *
You emit a cloud of colourful smoke!
The scorpion stings you.
You die...
Xom guffaws!

#.##.#.# #w
#.##.#.# #.
#....... #..
####.... #..
###.. #..# ##
#.# #.§. .# #.#
#..g####.#
########.#
#.J@§...#
.........#
#.#s###..#
########.# #.#
#..# #.# ## #..#
#.#
##..##########.#
#.#.............
##..##########..
##.............
##############


You could see a ribbon worm (wandering), a scorpion, a jelly (very drained) and
a goblin.

Vanquished Creatures
  A bombardier beetle (D:4)
  An iguana (D:4)
  4 adders
  2 dart slugs
  6 orcs (D:3)
  2 endoplasms (D:1)
  3 goblins
  7 hobgoblins
  7 jackals (D:4)
  5 kobolds
  2 quokkas (D:4)
  8 ball pythons
  6 bats
  3 frilled lizards (D:1)
  5 rats
62 creatures vanquished.

Vanquished Creatures (collateral kills)
  An iron imp (D:3)
  A bat (D:3)
  A rat (D:3)
3 creatures vanquished.

Grand Total: 65 creatures vanquished

Notes
Turn   | Place    | Note
-------+----------+-------------------------------------------
     0 | D:1      | Xavori the Djinni Chaos Knight began the quest for the Orb.
     0 | D:1      | Reached XP level 1. HP: 20/20 MP: 0/0
   268 | D:1      | Reached XP level 2. HP: 25/25 MP: 0/0
   452 | D:1      | XOM: divination: magic mapping
   671 | D:1      | XOM: divination: magic mapping
   890 | D:1      | XOM: cloud trail
  2502 | D:1      | XOM: draining
  3122 | D:1      | XOM: give mutations
  3122 | D:1      | Gained mutation: You have a pair of small horns on your
                  | head. [Xom's mischief]
  3122 | D:1      | Gained mutation: You are dopey. (Int -2) [Xom's mischief]
  3833 | D:1      | XOM: scenery: create altars
  4423 | D:1      | XOM: scenery: create altars
  4891 | D:1      | XOM: give mutations
  4891 | D:1      | Gained mutation: You have hidden genetic potential. [Xom's
                  | grace]
  4891 | D:1      | Gained mutation: You have a pair of horns on your head.
                  | [Xom's grace]
  4891 | D:1      | Gained mutation: You are agile. (Dex +4, Str/Int -1) [Xom's
                  | grace]
  5052 | D:1      | XOM: god gift: plate armour {god gift}
  5273 | D:1      | XOM: give mutations
  5273 | D:1      | Gained mutation: You have sharp fingernails. [Xom's grace]
  5273 | D:1      | Gained mutation: You are very agile. (Dex +8, Str/Int -2)
                  | [Xom's grace]
  5273 | D:1      | Gained mutation: You expend health (3 HP) to strengthen
                  | your wands. [Xom's grace]
  5416 | D:2      | XOM: scenery: summon butterflies
  5448 | D:2      | Reached XP level 3. HP: 21/28 MP: 0/0
  5448 | D:2      | Learned a level 1 spell: Freeze
  5507 | D:2      | Gained mutation: Your skin changes colour to match your
                  | surroundings (Stealth+). [hidden potential]
  5643 | D:2      | XOM: god gift: box of beasts
  5696 | D:2      | XOM: scenery: create altars
  5767 | D:3      | Noticed Grinder
  5773 | D:3      | Grinder changed into Grinder the iron imp
  5773 | D:3      | Noticed Grinder
  5773 | D:3      | XOM: polymorph Grinder -> Grinder the iron imp
  5774 | D:3      | Killed Grinder the iron imp
  5775 | D:3      | Reached XP level 4. HP: 30/35 MP: 0/0
  5861 | D:3      | XOM: scenery: summon butterflies
  5904 | D:3      | XOM: 2-stop teleportation journey
  6083 | D:3      | Reached skill level 1 in Evocations
  6083 | D:3      | Reached XP level 5. HP: 40/40 MP: 0/0
  6083 | D:3      | Learned a level 2 spell: Scorch
  6236 | D:3      | XOM: 1-stop teleportation journey
  6543 | D:4      | Gained mutation: Your spells are a little harder to cast,
                  | but a little more powerful. [hidden potential]
  6543 | D:4      | Lost mutation: You have hidden genetic potential. [hidden
                  | potential expressed]
  6702 | D:4      | Reached skill level 1 in Spellcasting
  6702 | D:4      | Reached skill level 1 in Conjurations
  6702 | D:4      | Reached skill level 1 in Hexes
  6702 | D:4      | Reached skill level 1 in Summonings
  6702 | D:4      | Reached skill level 1 in Necromancy
  6702 | D:4      | Reached skill level 1 in Translocations
  6702 | D:4      | Reached skill level 1 in Fire Magic
  6702 | D:4      | Reached skill level 1 in Ice Magic
  6702 | D:4      | Reached skill level 1 in Air Magic
  6702 | D:4      | Reached skill level 1 in Earth Magic
  6702 | D:4      | Reached skill level 1 in Alchemy
  6759 | D:4      | XOM: summons 3 friendly demons
  6824 | D:4      | Reached XP level 6. HP: 45/46 MP: 0/0
  6900 | D:4      | XOM: draining
  6939 | D:4      | XOM: smoke on damage
  6939 | D:4      | Slain by a scorpion

Illustrated notes

Levels and vault maps discovered:
D:1:      moated_graveyard_arrival, layout_basic, minmay_misc_feat_x,
          chequers_serial_rivers_large_b
D:2:      layout_rooms
D:3:      layout_basic, uniq_grinder
D:4:      layout_loops_ring

Skill      XL: |  1  2  3  4  5 |
---------------+----------------+-----
Long Blades    | 3 |  3.7
Armour         | 2 3 |  3.0
Evocations     | 1 |  1.5
Spellcasting   | 1 |  1.1
Conjurations   | 1 |  1.1
Hexes          | 1 |  1.1
Summonings     | 1 |  1.1
Necromancy     | 1 |  1.1
Translocations | 1 |  1.1
Fire Magic     | 1 |  1.1
Ice Magic      | 1 |  1.1
Air Magic      | 1 |  1.1
Earth Magic    | 1 |  1.1
Alchemy        | 1 |  1.1
Fighting       | |  3.2
Dodging        | |  2.5

Action                     |  1- 3 |  4- 6 || total
---------------------------+-------+-------++-------
  Melee: Falchion          |    49 |    87 ||   136
         Headbutt          |     2 |    10 ||    12
         Punch             |       |     1 ||     1
  Evoke: Box of beasts     |     1 |       ||     1
    Use: Scroll            |     1 |       ||     1
   Stab: Sleeping          |     2 |     8 ||    10
 Armour: Leather armour    |    21 |    50 ||    71
  Dodge: Dodged            |    25 |    61 ||    86
